 Dungeon Crawl Stone Soup version 0.22.0-2-ge58baed0e8 (webtiles) character file.

117 IceCat the Shield-Bearer (level 5, -6/42 HPs)
             Began as a Formicid Fighter on Aug 13, 2018.
             Killed by divine providence
             ... invoked by an orc priest
              (15 damage)
             ... on level 3 of the Dungeon.
             The game lasted 00:04:26 (1517 turns).

IceCat the Shield-Bearer (Formicid Fighter)         Turns: 1517, Time: 00:04:27

Health: -6/42      AC:  8    Str: 21    XL:     5   Next: 22%
Magic:  5/5        EV:  8    Int: 12    God:
Gold:   102        SH:  9    Dex: 10    Spells: 4/4 levels left

rFire    . . .     SeeInvis +   a - +0 war axe
rCold    . . .     Gourm    .   c - +0 shield
rNeg     . . .     Faith    .   b - +0 scale mail
rPois    .         Spirit   .   (helmet unavailable)
rElec    .         Reflect  .   n - +0 cloak
rCorr    .         Harm     .   (no gloves)
MR       .....                  (no boots)
Stlth    ..........             (no amulet)
HPRegen  0.14/turn              e - +4 ring of intelligence
MPRegen  0.09/turn              (no ring)

@: no status effects
A: permanent stasis, dig shafts and tunnels, four strong arms, antennae 3
a: Dig, Shaft Self


You were on level 3 of the Dungeon.
You were hungry.

You visited 1 branch of the dungeon, and saw 3 of its levels.

You collected 102 gold pieces.

Inventory:

Hand Weapons
 a - a +0 war axe (weapon)
Armour
 b - a +0 scale mail (worn)
 c - a +0 shield (worn)
 n - a +0 cloak (worn)
Jewellery
 e - a +4 ring of intelligence (left hand)
Wands
 o - a wand of digging (8)
Scrolls
 g - a scroll of remove curse {unknown}
 h - 2 scrolls of magic mapping {unknown}
 j - 4 scrolls of identify {unknown}
 l - a scroll of fog {unknown}
Potions
 d - a potion of might
 i - 3 potions of flight {unknown}
 k - a potion of haste {unknown}
 m - a potion of curing {unknown}
Comestibles
 f - 4 rations


   Skills:
 + Level 3.9 Fighting
 * Level 3.0 Axes
 + Level 4.0 Armour
 + Level 1.2 Dodging
 + Level 4.4 Shields


You had 4 spell levels left.
You didn't know any spells.
Your spell library was empty.

Dungeon Overview and Level Annotations

Branches:
Dungeon (3/15)

Altars:
Ashenzari


Innate Abilities, Weirdness & Mutations

You cannot be hasted, slowed, berserked, paralysed or teleported.
You can dig through walls and to a lower floor.
Your four strong arms can wield two-handed weapons with a shield.
You have a pair of large antennae on your head. (SInv)


Message History

Found a stone staircase leading up.
An orc priest comes into view.
The orc priest shouts!
An orc priest is nearby!
The orc priest hits you but does no damage.
You closely miss the orc priest. The orc priest barely misses you.
The orc priest invokes the aid of Beogh against you.
Beogh smites you!
You hit the orc priest.
The orc priest is moderately wounded.
The orc priest calls down the wrath of Beogh upon you.
Pain shoots through your body!
You hit the orc priest.
The orc priest is severely wounded.
The orc priest invokes the aid of Beogh against you.
Beogh smites you!
* * * LOW HITPOINT WARNING * * *
The orc priest mumbles some strange prayers to Beogh against you.
Beogh smites you!
You die...

.#. #{. #... ..#
#{# #..# #.#
#..#.####..####
#.#.# #........†..
#.# .........†..
#.# #####(.#### #.#
######..#
#.####o####.......#
#....@......####.##
######...........#
#############


You could see an orc priest.

Vanquished Creatures
  Ijyb (D:3)
  3 adders
  A worm (D:2)
  4 dart slugs
  A leopard gecko (D:3)
  3 giant cockroaches
  11 goblins
  4 hobgoblins
  2 jackals (D:3)
  6 kobolds
  3 quokkas (D:2)
  A ball python (D:2)
  3 bats
  4 frilled lizards
  7 rats
54 creatures vanquished.

Notes
Turn   | Place    | Note
-------+----------+-------------------------------------------
     0 | D:1      | IceCat the Formicid Fighter began the quest for the Orb.
     0 | D:1      | Reached XP level 1. HP: 18/18 MP: 1/1
    79 | D:1      | Found a shattered altar of Ashenzari.
   166 | D:1      | Reached XP level 2. HP: 24/24 MP: 2/2
   608 | D:2      | Reached XP level 3. HP: 26/29 MP: 3/3
   934 | D:2      | Reached XP level 4. HP: 35/37 MP: 4/4
  1155 | D:3      | Reached skill level 1 in Dodging
  1410 | D:3      | Noticed Ijyb
  1429 | D:3      | Killed Ijyb
  1429 | D:3      | Reached XP level 5. HP: 38/42 MP: 5/5
  1517 | D:3      | Killed from afar by an orc priest

Skill      XL: |  1  2  3  4 |
---------------+-------------+-----
Shields        | 4 |  4.4
Dodging        | 1 |  1.2
Axes           | 3 |  3.0
Armour         | 4 |  4.0
Fighting       | |  3.9

Action                   |  1- 3 |  4- 6 || total
-------------------------+-------+-------++-------
Melee: War axe           |    67 |    74 ||   141
 Abil: Dig               |     1 |       ||     1
  Eat: Chunk             |       |     2 ||     2
Armor: Scale mail        |    30 |    39 ||    69
Dodge: Dodged            |    22 |    29 ||    51
Block: Shield            |    30 |    46 ||    76
